 Dungeon Crawl Stone Soup version 0.25.1-8-g42b30a86e7 (webtiles) character file.

Game seed: 9110654424231233026

57 pokeman the Magician (level 3, -8/20 HPs)
             Began as a Deep Elf Wizard on Dec 20, 2020.
             Killed by nerve-wracking pain
             ... invoked by Jessica
              (11 damage)
             ... on level 2 of the Dungeon.
             The game lasted 00:04:21 (2180 turns).

pokeman the Magician (Deep Elf Wizard)              Turns: 2180, Time: 00:04:22

Health: -8/20      AC:  4    Str:  4    XL:     3   Next: 73%
Magic:  0/11       EV: 11    Int: 23    God:
Gold:   113        SH:  0    Dex: 13    Spells: 1/12 levels left

rFire    . . .     SeeInvis .   (no weapon)
rCold    . . .     Gourm    .   (no shield)
rNeg     . . .     Faith    .   g - +0 leather armour
rPois    .         Spirit   .   b - +0 hat
rElec    .         Reflect  .   (no cloak)
rCorr    .         Harm     .   (no gloves)
MR       .....                  m - +0 pair of boots
Stlth    ++........             (no amulet)
HPRegen  0.06/turn              j - ring of flight
MPRegen  0.12/turn              (no ring)

@: very slightly contaminated
A: no striking features
a: Evoke Flight


You were on level 2 of the Dungeon.
You were not hungry.

You visited 1 branch of the dungeon, and saw 2 of its levels.

You collected 113 gold pieces.

Inventory:

Missiles
 h - 21 arrows
 l - 14 bolts
Armour
 b - a +0 hat (worn)
 g - a +0 leather armour (worn)
 m - a +0 pair of boots (worn)
Jewellery
 j - a ring of flight (left hand)
Scrolls
 f - a scroll of teleportation {unknown}
 i - a scroll of magic mapping {unknown}
Potions
 a - 2 potions of curing {unknown}
 e - 2 potions of lignification {unknown}
 k - 2 potions of stabbing {unknown}
Comestibles
 c - 3 chunks of flesh
 d - 4 rations


   Skills:
 - Level 1.0 Fighting
 - Level 1.0 Armour
 + Level 2.5 Dodging
 - Level 2.4 Stealth
 * Level 5.3 Spellcasting
 + Level 2.0 Conjurations
 - Level 1.1 Summonings
 - Level 1.1 Translocations
 + Level 0.0 Fire Magic


You had one spell level left.
You knew the following spells:

 Your Spells              Type           Power        Failure   Level  Hunger
a - Magic Dart            Conj           ###.         7%          1    None
b - Mephitic Cloud        Conj/Pois/Air  #.......     34%         3    ##.....
c - Call Imp              Summ           ##......     16%         2    None
d - Blink                 Tloc           N/A          16%         2    None
e - Conjure Flame         Conj/Fire      ##......     30%         3    ##.....

Your spell library contained the following spells:

 Spells                   Type           Power        Failure   Level  Hunger
 Slow                     Hex            #.......     24%         2    None


Dungeon Overview and Level Annotations

Branches:
Dungeon (2/15)

Altars:

Annotations:
D:2 Jessica


Message History

Jessica says, "I'm really upset."
Jessica closely misses your crimson imp.
Your crimson imp hits Jessica but does no damage.
You feel sick.
You are no longer poisoned.
Jessica says, "Why did you come here?"
Jessica mumbles some strange words.
Jessica blinks!
Your crimson imp blinks!
Casting: Call Imp (safe; 16% risk of failure)
Confirm with . or Enter, or press ? or * to list all spells.
You miscast Call Imp.
You are very lightly contaminated with residual magic.
Nothing appears to happen.
Jessica shouts, "You're disturbing me!
I'll have to kill you!"
Jessica says, "I'm really upset."
Jessica casts a spell at you. Pain shoots through your body!
Ouch! That really hurt!
You die...

..##.......# #..#
.>##.......# #..#
#.##.......# #..#
#.##.......# #..#########
..##.......# #.......§..#
####.......# #..@#####.##
....... #...# #.# #...#
#.# #.@.# #@# #...# #5#
###### #.).# #.# ......
#...# #.# ...... ....#
#.# ###########
###.#.#####§#
..........###........[..#
###.............#.#######
...#.#<....## #


You could see Jessica.

Vanquished Creatures
  2 adders (D:2)
  2 dart slugs
  2 orcs (D:2)
  9 bats
  2 giant cockroaches (D:2)
  2 goblins (D:1)
  3 hobgoblins
  2 quokkas (D:2)
  4 kobolds
  4 rats
32 creatures vanquished.

Vanquished Creatures (collateral kills)
  An orc (D:1)
1 creature vanquished.

Grand Total: 33 creatures vanquished

Notes
Turn   | Place    | Note
-------+----------+-------------------------------------------
     0 | D:1      | pokeman the Deep Elf Wizard began the quest for the Orb.
     0 | D:1      | Reached XP level 1. HP: 10/10 MP: 7/7
   406 | D:1      | Reached XP level 2. HP: 15/15 MP: 7/9
  1144 | D:2      | Reached skill level 5 in Spellcasting
  1403 | D:2      | Reached XP level 3. HP: 15/20 MP: 3/11
  1408 | D:2      | Learned a level 3 spell: Mephitic Cloud
  1411 | D:2      | Learned a level 2 spell: Call Imp
  1414 | D:2      | Learned a level 2 spell: Blink
  1418 | D:2      | Learned a level 3 spell: Conjure Flame
  2011 | D:2      | Reached skill level 1 in Armour
  2144 | D:2      | Noticed Jessica
  2155 | D:2      | Reached skill level 1 in Fighting
  2180 | D:2      | Killed from afar by Jessica

Illustrated notes

Levels and vault maps discovered:
D:1:      minmay_arrival_jagged, layout_basic, fountainhead
D:2:      layout_basic, serial_bayou_crossing, uniq_jessica

Skill      XL: |  1  2  3 |
---------------+----------+-----
Spellcasting   | 5 |  5.3
Armour         | 1 |  1.0
Fighting       | 1 |  1.0
Conjurations   | 2 |  2.0
Dodging        | |  2.5
Stealth        | |  2.4
Summonings     | |  1.1
Translocations | |  1.1

Action                   || total
-------------------------++-------
Melee: Unarmed           ||     2
 Cast: Magic Dart        ||    91
       Call Imp          ||     2
       Mephitic Cloud    ||     1
  Eat: Chunk             ||     4
Armor: Leather armour    ||     7
Dodge: Dodged            ||    22
